 Dungeon Crawl Stone Soup version 0.26.1-11-gd32895ea62 (webtiles) character file.

Game seed: 13702111963061254633

84 Urokeeper the Poker (level 4, -3/61 HPs)
             Began as a Minotaur Berserker on July 24, 2021.
             Was a Believer of Trog.
             Slain by Crazy Yiuf
             ... wielding a +2 quarterstaff of chaos
              (10 damage)
             ... on level 2 of the Dungeon.
             The game lasted 00:07:03 (1877 turns).

Urokeeper the Poker (Minotaur Berserker)            Turns: 1877, Time: 00:07:04

Health: -3/61      AC:  7    Str: 22    XL:     4   Next: 24%
Magic:  3/3        EV: 10    Int:  4    God:    Trog [**....]
Gold:   107        SH:  0    Dex: 10    Spells: 3/3 levels left

rFire    . . .     SeeInvis .   o - +0 trident
rCold    . . .     Faith    .   (no shield)
rNeg     . . .     Spirit   .   p - +0 scale mail
rPois    .         Reflect  .   (helmet restricted)
rElec    .         Harm     .   (no cloak)
rCorr    .         Rampage  .   (no gloves)
Will     .....                  r - +0 pair of boots
Stlth    ..........             (no amulet)
HPRegen  0.20/turn              (no ring)
MPRegen  0.08/turn              (no ring)

@: berserking, very quick
A: retaliatory headbutt, horns 2
a: Renounce Religion, Berserk, Trog's Hand


You were on level 2 of the Dungeon.
You worshipped Trog.
Trog was pleased with you.
You visited 1 branch of the dungeon, and saw 2 of its levels.

You collected 107 gold pieces.

Inventory:

Hand Weapons
 a - a +0 spear
 c - a +0 hunting sling
 e - a +0 spear
 o - a +0 trident (weapon)
Missiles
 d - 32 arrows
 f - 13 poisoned darts
 s - a throwing net
Armour
 b - a +0 animal skin
 p - a +0 scale mail (worn)
 r - a +0 pair of boots (worn)
Jewellery
 l - an uncursed ring of poison resistance {unknown}
 n - an uncursed ring of positive energy {unknown}
Scrolls
 g - 2 scrolls of immolation {unknown}
 i - a scroll of fear {unknown}
 m - 4 scrolls of identify {unknown}
Potions
 h - a potion of berserk rage {unknown}
 j - 2 potions of brilliance {unknown}
 k - a potion of haste {unknown}
 q - a potion of invisibility {unknown}


   Skills:
 + Level 4.5 Fighting
 + Level 5.0 Polearms
 + Level 2.7 Armour
 + Level 2.6 Dodging


You had 3 spell levels left.
You didn't know any spells.
Your spell library was empty.

Dungeon Overview and Level Annotations

Branches:
Dungeon (2/15)

Altars:
Kikubaaqudgha
Sif Muna
The Shining One

Annotations:
D:2 Crazy Yiuf


Innate Abilities, Weirdness & Mutations

You reflexively headbutt those who attack you in melee.
You have a pair of horns on your head.


Message History

You closely miss Crazy Yiuf.
Crazy Yiuf is moderately wounded.
Crazy Yiuf barely misses you. You furiously retaliate!
You headbutt Crazy Yiuf. You hit Crazy Yiuf.
Crazy Yiuf is heavily wounded.
Crazy Yiuf grits, "Citrus!"
Crazy Yiuf hits you with a +2 quarterstaff of chaos.
Crazy Yiuf burns you.
You hit Crazy Yiuf. Your headbutt misses Crazy Yiuf.
Crazy Yiuf is severely wounded.
Crazy Yiuf hits you with a +2 quarterstaff of chaos.
You are electrocuted!
You hit Crazy Yiuf but do no damage.
Crazy Yiuf is severely wounded.
Crazy Yiuf hits you with a +2 quarterstaff of chaos!
* * * LOW HITPOINT WARNING * * *
A red film seems to cover your vision as you go berserk!
You feel yourself moving faster!
You feel mighty!
Crazy Yiuf hits you with a +2 quarterstaff of chaos!
You die...

#.# #.# #.# #.# #.#
#.# ##.######## ####
##.....#..## ###..)#
##.##.....P####.@g..#
.#.###...P..#..##...#
.#.# ###...#.### ####
...# #########
#..###.# #.>..#.#####
##.###.....# (..#
#.....###
##.###.......#


You could see Crazy Yiuf.

Vanquished Creatures
  2 adders (D:2)
  A gnoll (D:1)
  A worm (D:2)
  A dart slug (D:2)
  2 leopard geckos
  A ball python (D:1)
  6 bats
  4 giant cockroaches
  4 goblins
  2 hobgoblins (D:2)
  4 jackals (D:2)
  6 kobolds
  5 frilled lizards
  11 rats
50 creatures vanquished.

Vanquished Creatures (others)
  4 plants (D:1)
4 creatures vanquished.

Grand Total: 54 creatures vanquished

Notes
Turn   | Place    | Note
-------+----------+-------------------------------------------
     0 | D:1      | Urokeeper the Minotaur Berserker began the quest for the
                  | Orb.
     0 | D:1      | Reached XP level 1. HP: 19/19 MP: 0/0
     3 | D:1      | Noticed an electric eel
     4 | D:1      | Noticed an electric eel
   171 | D:1      | Reached skill level 4 in Polearms
   171 | D:1      | Reached XP level 2. HP: 27/27 MP: 1/1
   585 | D:1      | Reached XP level 3. HP: 34/34 MP: 2/2
  1172 | D:2      | Reached ** piety under Trog
  1333 | D:2      | Found an ancient bone altar of Kikubaaqudgha.
  1334 | D:2      | Found a shimmering blue altar of Sif Muna.
  1395 | D:2      | Found a glowing golden altar of the Shining One.
  1565 | D:2      | Reached XP level 4. HP: 28/41 MP: 3/3
  1568 | D:2      | Reached skill level 5 in Polearms
  1866 | D:2      | Found a runed translucent door.
  1867 | D:2      | Noticed Crazy Yiuf
  1877 | D:2      | Slain by Crazy Yiuf

Illustrated notes

Levels and vault maps discovered:
D:1:      arrival_aquarium_b, layout_basic, st_stairs_14, serial_bayou_pond_c,
          dk_noncrumbling_4
D:2:      layout_basic, lemuel_doored_altar, gammafunk_temple_overflow_statue,
          uniq_crazy_yiuf_cottage

Skill      XL: |  1  2  3  4 |
---------------+-------------+-----
Polearms       | 4 5 |  5.0
Fighting       | 4 |  4.5
Armour         | |  2.7
Dodging        | |  2.6

Action                   |  1- 3 |  4- 6 || total
-------------------------+-------+-------++-------
Melee: Spear             |   112 |       ||   112
       Headbutt          |    18 |     7 ||    25
       Trident           |     6 |    26 ||    32
Invok: Berserk           |       |     1 ||     1
Armor: Animal skin       |    19 |     2 ||    21
       Scale mail        |       |     1 ||     1
Dodge: Dodged            |    63 |     4 ||    67
